Map: Kairos Junction LE

Players

Geralt (Gerald)

  • Race: Protoss Protoss
  • League: Grandmaster
  • Spawn Location: 5:00

HellraiseR - Winner!

  • Race: Protoss Protoss
  • League: Master
  • Spawn Location: 11:00

Event: 2019 WCS Winter Europe

VOD

Have the link to the VOD?

Description

Time

  • Played on: Feb. 3, 2019, 10:48 a.m.
  • Length: 8:04

All games in this series

Show
View Real Time Build Order
Export as new Build Order

Geralt Protoss 

Build Orders: Blink Stalkers 

Get SALT Encoding   

  12  0:00  Probe  
  13  0:12  Probe  
  14  0:17  Pylon  
  14  0:23  Probe  
  15  0:31  Probe  
  16  0:37  Gateway  
  16  0:39  Probe  
  16  0:46  Assimilator  
  17  0:51  Probe  
  17  0:54  Assimilator  
  18  1:03  Probe  
  19  1:07  Gateway  
  19  1:15  Probe  
  20  1:24  Cybernetics Core  
  20  1:27  Probe  
  20  1:31  Pylon  
  21  1:39  Probe  
  22  1:51  Probe  
  23  1:59  Stalker x2  
  23  2:01  Warp Gate  
  27  2:08  Pylon  
  27  2:10  Probe  
  28  2:20  Adept x2  
  32  2:45  Nexus  
  32  2:55  Sentry  
  34  3:02  Stalker  
  36  3:14  Probe, Twilight Council  
  36  3:19  Shield Battery  
  37  3:23  Stalker  
  30  3:41  Probe  
  29  3:53  Probe, Blink  
  30  4:05  Probe  
  29  4:17  Probe  
  29  4:23  Probe  
  29  4:29  Probe  
  30  4:35  Probe, Adept  
  30  4:37  Adept  
  35  4:41  Probe  
  36  4:48  Probe, Gateway  
  37  4:53  Probe  
  38  5:00  Probe  
  38  5:04  Stalker  
  38  5:05  Probe  
  40  5:12  Probe  
  41  5:15  Stalker  
  41  5:21  Robotics Facility  
  43  5:29  Probe, Pylon  
  43  5:30  Probe  
  45  5:40  Stalker  
  45  5:41  Probe  
  48  5:43  Probe  
  47  5:51  Probe  
  47  5:53  Probe  
  47  5:55  Forge  
  49  6:06  Immortal  
  49  6:08  Stalker x2  
  54  6:17  Probe  
  58  6:21  Probe  
  59  6:29  Probe  
  59  6:32  Pylon  
  60  6:33  Probe  
  59  6:44  Sentry, Shield Battery  
  59  6:46  Shield Battery  
  61  6:52  Stalker  
  61  6:53  Probe  
  64  6:55  Pylon  
  64  7:00  Immortal  
  60  7:14  Shield Battery  
  64  7:16  Zealot x2  
  64  7:17  Shield Battery  
  66  7:35  Zealot  
  45  7:47  Stalker x2  
Show
View Real Time Build Order
Export as new Build Order

HellraiseR Protoss - Winner!

Build Orders: Oracle Opening 

Get SALT Encoding   

  12  0:00  Probe  
  13  0:12  Probe  
  14  0:17  Pylon  
  14  0:21  Probe  
  15  0:31  Probe  
  16  0:37  Gateway  
  16  0:41  Probe  
  16  0:45  Assimilator  
  17  0:51  Probe  
  17  0:54  Assimilator  
  18  1:00  Probe  
  19  1:07  Gateway  
  19  1:08  Probe  
  20  1:20  Probe  
  21  1:27  Cybernetics Core  
  21  1:32  Probe  
  22  1:37  Pylon  
  22  1:44  Probe  
  23  1:47  Pylon  
  24  2:05  Stargate  
  24  2:06  Adept  
  25  2:11  Adept  
  25  2:15  Probe  
  28  2:19  Warp Gate  
  28  2:27  Probe  
  29  2:37  Stalker  
  29  2:38  Oracle  
  29  2:43  Probe  
  34  3:00  Stalker, Pylon  
  36  3:08  Probe  
  35  3:13  Shield Battery  
  35  3:16  Pylon  
  33  3:27  Oracle  
  33  3:30  Probe  
  34  3:44  Nexus  
  34  3:49  Probe  
  34  3:54  Robotics Facility  
  33  4:06  Probe  
  30  4:11  Adept  
  31  4:18  Probe  
  32  4:28  Probe  
  33  4:36  Probe  
  33  4:38  Pylon  
  33  4:41  Observer  
  33  4:44  Adept  
  33  4:45  Probe  
  37  4:48  Pylon  
  38  4:57  Probe  
  38  4:59  Immortal, Probe  
  40  5:10  Probe  
  40  5:13  Probe  
  46  5:23  Probe  
  46  5:25  Probe  
  46  5:28  Sentry  
  50  5:29  Sentry, Gateway  
  50  5:33  Immortal  
  52  5:49  Gateway  
  56  5:52  Sentry  
  56  5:54  Zealot  
  56  5:55  Probe  
  62  5:57  Probe  
  62  6:00  Warp Prism  
  62  6:04  Pylon  
  62  6:11  Probe  
  60  6:16  Stalker  
  64  6:20  Stalker  
  64  6:25  Stalker  
  68  6:29  Probe x2  
  70  6:32  Pylon  
  70  6:43  Stalker x2  
  70  6:46  Stalker  
  76  6:52  Probe x2  
  76  7:04  Forge, Probe  
  76  7:06  Probe  
  76  7:10  Adept x3  
  76  7:11  Adept  
  82  7:16  Probe  
  82  7:18  Probe  
  84  7:34  Adept x3  
  84  7:36  Probe  
  84  7:37  Probe  
  82  7:48  Probe  
  82  7:49  Probe  
  80  7:52  Assimilator  
  80  7:54  Assimilator  
Tags
 
Add a new tag
Caveats
  • Supply blocks, unpowered buildings, or Contaminate may cause inaccurate times.
  • Supply counts are checked every 10 seconds.